 Dungeon Crawl Stone Soup version 0.21-a0-518-g43a1781 (webtiles) character file.

368 kiturien the Covered (level 6, -1/56 HPs)
             Began as a Minotaur Fighter on Dec 4, 2017.
             Blown up by Pikel (2 damage)
             ... with a wand of disintegration (7)
             ... on level 3 of the Dungeon.
             The game lasted 00:09:34 (2543 turns).

kiturien the Covered (Minotaur Fighter)             Turns: 2543, Time: 00:09:35

Health: -1/56      AC: 14    Str: 22    XL:     6   Next: 41%
Magic:  4/4        EV:  9    Int: 10    God:
Gold:   123        SH: 12    Dex: 12    Spells: 5/5 levels left

rFire    . . .     SeeInvis .   j - +2 short sword (protect)
rCold    . . .     Gourm    .   c - +0 shield
rNeg     . . .     Faith    .   b - +0 scale mail
rPois    .         Spirit   .   (helmet restricted)
rElec    .         Reflect  +   (no cloak)
rCorr    .         Harm     .   (no gloves)
MR       +....     Clarity  +   (no boots)
Stlth    ..........             h - +2 amulet of reflection
HPRegen  0.18/turn              m - ring of wizardry
MPRegen  0.09/turn              n - ring of protection from magic

@: brilliant, protection aura
A: retaliatory headbutt, hooves 1, horns 2, agile 1, clarity, low mp 1
a: no special abilities


You were on level 3 of the Dungeon.
You were not hungry.

You visited 1 branch of the dungeon, and saw 4 of its levels.

You collected 123 gold pieces.

Inventory:

Hand Weapons
 a - a +0 long sword
 j - a +2 short sword of protection (weapon)
Armour
 b - a +0 scale mail (worn)
 c - a +0 shield (worn)
Jewellery
 h - a +2 amulet of reflection (around neck)
 m - a ring of wizardry (left hand)
 n - a ring of protection from magic (right hand)
 s - an uncursed amulet of rage
Scrolls
 i - 2 scrolls of identify
Potions
 d - a potion of might
 e - a potion of curing
 o - a potion of brilliance
 p - 4 potions of lignification
 u - a potion of resistance
Comestibles
 f - 2 bread rations
 g - 3 royal jellies


   Skills:
 * Level 5.1 Fighting
 * Level 3.7 Long Blades
 * Level 5.6 Armour
 * Level 1.9 Dodging
 * Level 5.5 Shields


You had 5 spell levels left.
You didn't know any spells.

Dungeon Overview and Level Annotations

Branches:
Dungeon (4/15)
 Temple: D:4-7

Altars:
Ashenzari
Kikubaaqudgha

Annotations:
D:3 Pikel


Innate Abilities, Weirdness & Mutations

You reflexively headbutt those who attack you in melee.
You have a pair of horns on your head.
You have large cloven feet.
You are agile. (Dex +2)
You possess an exceptional clarity of mind.
Your magical capacity is low. (-10% MP)


Message History

You block the slave's attack. Pikel hits you with a whip of freezing.
* * * LOW HITPOINT WARNING * * *
Pikel freezes you.
* * * LOW HITPOINT WARNING * * *
All of the chunks of flesh in your inventory have rotted away.
You barely miss Pikel. You kick Pikel.
Pikel is heavily wounded.
The slave closely misses you. You furiously retaliate!
You headbutt the slave! Pikel barely misses you.
You closely miss Pikel. You kick Pikel, but do no damage. You headbutt Pikel!
Pikel is severely wounded.
You block the slave's attack. Pikel hits you with a whip of freezing!
* * * LOW HITPOINT WARNING * * *
Pikel freezes you.
* * * LOW HITPOINT WARNING * * *
Unknown command.
It was a potion of brilliance.
You feel clever all of a sudden. The slave hits you but does no damage.
Pikel zaps a wand.
You are blasted!
You die...

#.#.####.#.########## ###
#.#.# #.#.##.......# #..
#.#.# #.#.##.......# #..
#.#.# #.#.##.......# #..
#.#.# #.#.##.......# #..
#.#.####.#.##.......### #..
#........#p##.........# #..
#####.######p###........####.
#..........#@K...............
#.###.####.#####........####.
#.# #..........[.....<..# ##
#.# #....#.#####........# #.#
#....#.# #........#
#.###...<#.# #........####
#.##....##.# ########....#
#.#.....'..# #....#
#.##....###############....#


You could see Pikel and 2 slaves.

Vanquished Creatures
  A slave (D:3)
  An ice beast (D:2)
  2 orc priests (D:3)
  Jessica (D:2)
  Natasha (thrice) (D:2)
  A worker ant (D:3)
  Robin (D:3)
  4 gnolls (D:2)
  4 leopard geckos
  2 orcs (D:3)
  2 ball pythons (D:3)
  5 bats
  4 giant cockroaches
  7 goblins
  4 hobgoblins (D:3)
  5 kobolds
  3 frilled lizards
  7 rats
  A withered plant (D:3)
58 creatures vanquished.

Notes
Turn   | Place    | Note
-------+----------+-------------------------------------------
     0 | D:1      | kiturien the Minotaur Fighter began the quest for the Orb.
     0 | D:1      | Reached XP level 1. HP: 19/19 MP: 0/0
   283 | D:1      | Reached XP level 2. HP: 27/27 MP: 1/1
   545 | D:2      | Noticed an ice beast
   556 | D:2      | Killed an ice beast
   556 | D:2      | Reached skill level 1 in Dodging
   556 | D:2      | Reached XP level 3. HP: 34/34 MP: 2/2
   556 | D:2      | Reached XP level 4. HP: 41/41 MP: 3/3
   776 | D:2      | Noticed Natasha
   793 | D:2      | Killed Natasha
   906 | D:2      | Noticed Jessica
   908 | D:2      | Killed Jessica
   908 | D:2      | Reached XP level 5. HP: 47/47 MP: 4/4
   965 | D:2      | Reached skill level 5 in Armour
   968 | D:2      | Reached skill level 5 in Shields
  1227 | D:2      | Noticed Natasha
  1234 | D:2      | Killed Natasha
  1492 | D:2      | Noticed Natasha
  1501 | D:2      | Killed Natasha
  1504 | D:2      | Gained mutation: You possess an exceptional clarity of mind. [potion of mutation]
  1504 | D:2      | Gained mutation: Your magical capacity is low. (-10% MP) [potion of mutation]
  1504 | D:2      | Gained mutation: You have large cloven feet. [potion of mutation]
  1504 | D:2      | Gained mutation: You are agile. (Dex +2) [potion of mutation]
  1581 | D:3      | Found a shattered altar of Ashenzari.
  1673 | D:3      | Found an ancient bone altar of Kikubaaqudgha.
  1795 | D:3      | Noticed Robin
  1805 | D:3      | Reached XP level 6. HP: 50/55 MP: 4/4
  1806 | D:3      | Killed Robin
  2086 | D:3      | Reached skill level 5 in Fighting
  2286 | D:4      | Noticed a slave
  2286 | D:4      | Noticed a slave
  2286 | D:4      | Noticed a slave
  2287 | D:4      | Noticed Pikel
  2288 | D:4      | Noticed a slave
  2317 | D:3      | Killed a slave
  2542 | D:3      | HP: 1/56 [Pikel/whip of freezing (4)]
  2543 | D:3      | Blown up by Pikel

Vault maps used:
D:1:      dpeg_arrival_tiny_a, minmay_misc_feat_secret_circle,
          hangedman_decor_riveting
D:2:      uniq_jessica, uniq_natasha
D:3:      kiku_gazebo_garden_becter, minmay_misc_feat_rugged,
          cheibrodos_ashenzari_chains, uniq_robin
D:4:      cheibriados_altar_1, lemuel_crystal_altar, kennysheep_little_box,
          first_bread, uniq_pikel, uniq_blork_the_orc, uniq_sigmund

Skill      XL: |  1  2  3  4  5  6 |
---------------+-------------------+-----
Armour         | 4 5 |  5.6
Fighting       | 4 5 |  5.1
Long Blades    | 3 |  3.7
Dodging        | 1 |  1.9
Shields        | 4 5 |  5.5

Action                   |  1- 3 |  4- 6 || total
-------------------------+-------+-------++-------
Melee: Long sword        |    12 |       ||    12
       Headbutt          |     5 |    32 ||    37
       Short sword       |    26 |   152 ||   178
       Kick              |       |    35 ||    35
  Use: Potion            |     1 |     7 ||     8
       Scroll            |     1 |     7 ||     8
  Eat: Chunk             |       |     5 ||     5
Armor: Scale mail        |    20 |    68 ||    88
Dodge: Dodged            |    17 |    34 ||    51
Block: Shield            |    13 |    76 ||    89
       Rpst.: Long sword |     2 |       ||     2

Table legend:
 A = Spawn XP
 B = Non-spawn XP
 C = Spawn XP percentage of total XP
 D = Spawn monster count
 E = Non-spawn monster count
 F = Spawn count percentage of total count
 G = Total turns spent on level
                    A         B        C        D         E        F      G
               +---------+---------+-------+---------+---------+-------+---------
         Total |       0 |     526 |   0.0 |       0 |      56 |   0.0 |  2543
               +---------+---------+-------+---------+---------+-------+---------
           D:1 |       0 |      21 |   0.0 |       0 |      14 |   0.0 |   545
           D:2 |       0 |     333 |   0.0 |       0 |      19 |   0.0 |   966
           D:3 |       0 |     172 |   0.0 |       0 |      23 |   0.0 |  1005
               +---------+---------+-------+---------+---------+-------+---------
